 Dungeon Sprint DCSS version 0.23.0-3-gf3c87f2 (webtiles) character file.

Game seed: 13379638369596392256

590 nuthulu the Protected (level 7, -3/50 HPs)
             Began as a Gargoyle Fighter on Feb 24, 2019.
             Was a Believer of Okawaru.
             Slain by an orc knight
             ... wielding a +1 dire flail of protection
              (11 damage)
             ... in the Dungeon (Sprint VII: "The Pits").
             The game lasted 00:03:04 (1563 turns).

nuthulu the Protected (Gargoyle Fighter)            Turns: 1563, Time: 00:03:05

Health: -3/50      AC: 20    Str: 22    XL:     7   Next: 39%
Magic:  10/11      EV: 10    Int:  8    God:    Okawaru [**....]
Gold:   0          SH: 13    Dex:  9    Spells: 6/6 levels left

rFire    . . .     SeeInvis .   a - +0 flail
rCold    . . .     Gourm    .   c - +0 shield
rNeg     + . .     Faith    .   o - +3 chain mail
rPois    ∞         Spirit   .   (no helmet)
rElec    +         Reflect  .   (no cloak)
rCorr    .         Harm     .   (no gloves)
MR       .....     NoTele   +   (no boots)
Stlth    ..........             (no amulet)
HPRegen  0.16/turn              (no ring)
MPRegen  0.12/turn              (no ring)

@: heroism, very slightly contaminated, hasted, invisible, very quick
A: negative energy resistance 1, electricity resistance, unbreathing,
petrification resistance, rot immunity, AC +4
a: Heroism, Renounce Religion


You were in the Dungeon.
You worshipped Okawaru.
Okawaru was pleased with you.
You were not hungry.

You visited 1 branch

Inventory:

Hand Weapons
 a - a +0 flail (weapon)
Armour
 b - a +0 scale mail
 c - a +0 shield (worn)
 o - a +3 chain mail (worn)
Scrolls
 k - a scroll of blinking
 l - 3 scrolls of remove curse
 m - 5 scrolls of amnesia
 n - a scroll of summoning
Potions
 d - a potion of invisibility
 e - 6 potions of curing
 g - 6 potions of heal wounds
 i - 4 potions of magic
 j - 3 potions of berserk rage
Comestibles
 f - 8 rations
 p - 3 chunks of flesh


   Skills:
 + Level 8.6(13.6) Fighting
 + Level 7.5(12.5) Maces & Flails
 + Level 8.6(13.6) Armour
 + Level 8.6(13.6) Shields
 + Level 5.7 Invocations


You had 6 spell levels left.
You didn't know any spells.
Your spell library was empty.

Dungeon Overview and Level Annotations

Branches:
Dungeon (1/1)

Altars:
Ashenzari
Cheibriados
Dithmenos
Elyvilon
Fedhas
Gozag
Hepliaklqana
Kikubaaqudgha
Makhleb
Nemelex Xobeh
Okawaru
Qazlal
Ru
Sif Muna
Trog
Uskayaw
Vehumet
Wu Jian
Xom
Yredelemnul
Zin
The Shining One
Beogh
Jiyva
Lugonu


Innate Abilities, Weirdness & Mutations

You are resistant to torment.
Your stone body is resilient. (AC +4)
You are immune to poison.
You resist negative energy. (rN+)
You are resistant to electric shocks. (rElec)
You can survive without breathing.
You are immune to petrification.
You are immune to rotting.


Message History

You fade into invisibility!
The orc knight hits you with a +1 dire flail of protection!
You are very lightly contaminated with residual magic.
Unknown command.
Unknown command.
You catch the helpless orc knight completely off-guard!
You sock the orc knight!
The orc knight is moderately wounded.
The orc wizard gestures wildly while chanting.
The orc wizard seems to speed up.
You hit the orc knight.
The orc knight is heavily wounded.
The orc knight hits you with a +1 dire flail of protection!
* * * LOW HITPOINT WARNING * * *
You closely miss the orc knight.
The orc knight is heavily wounded.
You hit the orc knight but do no damage.
The orc knight is heavily wounded.
The orc knight hits you with a +1 dire flail of protection!
You die...

############
#_________.#
#_________.#
#_______...#########
##########'##.......
#.?@ooGoo'.##......#
##########.##.......
#..Goo.o....+.......
#G#####)#####......#
#.#..#...'.##.......
#.#..#...#.#####'###
#o#..#####.##.......
#o#..'...#.##.......
#.#..'...'.##.......


You could see an orc knight, 2 orc warriors, a floating eye and an orc wizard.

Vanquished Creatures
  A fire bat (D)
  A floating eye (D)
  Purgy (D)
  A phantom (D)
  A gnoll sergeant (D)
  A hound (D)
  A worker ant (D)
  3 gnolls (D)
  2 ufetubi (D)
  A leopard gecko (D)
  A giant cockroach (D)
  A hobgoblin (D)
  3 jackals (D)
  2 kobolds (D)
  A quokka (D)
  2 ball pythons (D)
23 creatures vanquished.

Notes
Turn   | Place    | Note
-------+----------+-------------------------------------------
     0 | D        | nuthulu the Gargoyle Fighter began the quest for the Orb.
     0 | D        | Reached XP level 1. HP: 14/14 MP: 1/1
   175 | D        | Found a glowing golden altar of the Shining One.
   175 | D        | Found a glowing silver altar of Zin.
   175 | D        | Found a basalt altar of Yredelemnul.
   175 | D        | Found a shimmering altar of Xom.
   175 | D        | Found an ornate altar of the Wu Jian Council.
   175 | D        | Found a bloodstained altar of Trog.
   175 | D        | Found a deep blue altar of Sif Muna.
   175 | D        | Found a sacrificial altar of Ru.
   175 | D        | Found a stormy altar of Qazlal.
   175 | D        | Found an iron altar of Okawaru.
   175 | D        | Found a sparkling altar of Nemelex Xobeh.
   175 | D        | Found a burning altar of Makhleb.
   175 | D        | Found a viscous altar of Jiyva.
   175 | D        | Found a hazy altar of Hepliaklqana.
   175 | D        | Found an opulent altar of Gozag.
   175 | D        | Found a blossoming altar of Fedhas.
   175 | D        | Found a white marble altar of Elyvilon.
   175 | D        | Found a shadowy altar of Dithmenos.
   175 | D        | Found a snail-covered altar of Cheibriados.
   177 | D        | Found a corrupted altar of Lugonu.
   177 | D        | Found a radiant altar of Vehumet.
   177 | D        | Found a roughly hewn altar of Beogh.
   178 | D        | Found an ancient bone altar of Kikubaaqudgha.
   178 | D        | Found a hide-covered altar of Uskayaw.
   178 | D        | Found a shattered altar of Ashenzari.
   182 | D        | Became a worshipper of Warmaster Okawaru
   194 | D        | Reached XP level 2. HP: 20/20 MP: 2/2
   264 | D        | Reached XP level 3. HP: 17/25 MP: 3/3
   466 | D        | Reached skill level 5 in Fighting
   466 | D        | Reached skill level 5 in Armour
   466 | D        | Reached skill level 5 in Shields
   801 | D        | Noticed a phantom
   844 | D        | Killed a phantom
   844 | D        | Reached * piety under Okawaru
   844 | D        | Reached skill level 5 in Maces & Flails
   844 | D        | Reached XP level 4. HP: 11/32 MP: 4/4
   844 | D        | Reached XP level 5. HP: 12/36 MP: 5/5
  1151 | D        | Noticed a floating eye
  1151 | D        | Noticed Purgy
  1178 | D        | Paralysed by a floating eye for 4 turns
  1185 | D        | Paralysed by a floating eye for 2 turns
  1187 | D        | Killed Purgy
  1187 | D        | Reached XP level 6. HP: 33/44 MP: 4/8
  1191 | D        | Killed a floating eye
  1289 | D        | Noticed a fire bat
  1306 | D        | Killed a fire bat
  1306 | D        | Reached ** piety under Okawaru
  1306 | D        | Reached skill level 5 in Invocations
  1306 | D        | Reached XP level 7. HP: 40/49 MP: 10/10
  1503 | D        | Noticed a red devil
  1503 | D        | Noticed an orc knight
  1506 | D        | Paralysed by a floating eye for 3 turns
  1547 | D        | Paralysed by a floating eye for 3 turns
  1563 | D        | Slain by an orc knight

Skill      XL: |  1  2  3  4  5  6 |
---------------+-------------------+-----
Fighting       | 4 6 7 8 |  8.6
Armour         | 4 6 7 8 |  8.6
Shields        | 4 6 7 8 |  8.6
Maces & Flails | 3 5 6 7 |  7.5
Invocations    | 3 5 |  5.7

Action                   |  1- 3 |  4- 6 |  7- 9 || total
-------------------------+-------+-------+-------++-------
Melee: Flail             |    73 |    35 |    27 ||   135
Invok: Heroism           |       |     1 |     2 ||     3
  Use: Potion            |     1 |       |     2 ||     3
 Stab: Invisible         |       |       |     1 ||     1
  Eat: Ration            |       |     1 |       ||     1
Armor: Scale mail        |    52 |       |       ||    52
       Chain mail        |     9 |    54 |     9 ||    72
Dodge: Dodged            |    36 |     9 |     3 ||    48
Block: Shield            |    51 |    18 |     6 ||    75
